 Dungeon Crawl Stone Soup version 0.22-a0-601-gb0ed703 (webtiles) character file.

623 sking99 the Insei (level 7, -10/44 HPs)
             Began as an Octopode Transmuter on July 6, 2018.
             Mangled by a gnoll sergeant
             ... wielding a +0 trident
              (13 damage)
             ... on level 5 of the Dungeon.
             The game lasted 00:11:31 (5995 turns).

sking99 the Insei (Octopode Transmuter)             Turns: 5995, Time: 00:11:32

Health: -10/44     AC:  2    Str:  9    XL:     7   Next: 46%
Magic:  8/11       EV: 21    Int: 16    God:
Gold:   151        SH:  0    Dex: 19    Spells: 6/12 levels left

rFire    . . .     SeeInvis .     - Unarmed
rCold    . . .     Gourm    .   (shield currently unavailable)
rNeg     . . .     Faith    .   (helmet currently unavailable)
rPois    x         Spirit   .   (no amulet)
rElec    .         Reflect  .   (no ring)
rCorr    .         Harm     .   (no ring)
MR       .....                  (no ring)
Stlth    ++........             (no ring)
HPRegen  0.14/turn              (no ring)
MPRegen  0.12/turn              (no ring)
                                (no ring)
                                (no ring)

@: spider-form (expiring)
A: tiny, almost no armour, stealthy swim, (amphibious), 8 rings, (constrict 8)
a: End Transformation


You were on level 5 of the Dungeon.
You were hungry.
You were a venomous arachnid creature.
You visited 1 branch of the dungeon, and saw 5 of its levels.

You collected 151 gold pieces.

Inventory:

Missiles
 a - 115 arrows
Magical Staves
 f - an uncursed staff of summoning
Jewellery
 d - an uncursed ring of ice
 p - a cursed -3 ring of intelligence {unknown}
Wands
 h - a wand of flame (27)
 k - a wand of disintegration (15)
Scrolls
 i - a scroll of fog
 q - a scroll of blinking {unknown}
 r - a scroll of immolation {unknown}
 s - a scroll of teleportation
Potions
 b - a potion of invisibility {unknown}
 e - 2 potions of agility {unknown}
 g - 2 potions of brilliance {unknown}
 j - a potion of curing {unknown}
 l - 2 potions of heal wounds {unknown}
 m - a potion of mutation {unknown}
 n - a potion of might {unknown}
 o - 2 potions of degeneration {unknown}
Comestibles
 c - 8 rations


   Skills:
 - Level 1.9 Fighting
 + Level 2.8 Dodging
 * Level 6.3 Unarmed Combat
 - Level 3.0 Spellcasting
 + Level 3.9 Transmutations
 - Level 2.0 Poison Magic


You had 6 spell levels left.
You knew the following spells:

 Your Spells              Type           Power        Failure   Level  Hunger
a - Beastly Appendage     Tmut           ###...       12%         1    #......
b - Sticks to Snakes      Tmut           ###.....     16%         2    ##.....
c - Spider Form           Tmut/Pois      ##........   36%         3    ###....

Your spell library contained the following spells:

 Spells                   Type           Power        Failure   Level  Hunger
 Blade Hands              Tmut           ###.......   87%         5    ######.
 Ice Form                 Ice/Tmut       #.......     82%         4    #####..


Dungeon Overview and Level Annotations

Branches:
Dungeon (5/15)
 Temple: D:4-7

Altars:
Okawaru


Innate Abilities, Weirdness & Mutations

You cannot wear most types of armour.
You are very stealthy in the water. (Stealth+)
((You are amphibious.))
You can wear up to eight rings at the same time.
((You can use your tentacles to constrict eight enemies at once.))
((Your skin changes colour to match your surroundings (Stealth+).))
((Your rubbery body absorbs attacks. (AC +1, EV +1)))


Message History

You are too injured to fight recklessly!
You are too injured to fight recklessly!
You are too injured to fight recklessly!
You bite the gnoll sergeant!
The gnoll sergeant is poisoned.
The gnoll sergeant is moderately wounded.
Your transformation is almost over.
You hit the gnoll sergeant but do no damage.
The gnoll sergeant is moderately wounded.
The gnoll sergeant hits you with a trident!
* * * LOW HITPOINT WARNING * * *
The gnoll sergeant blocks your attack.
The gnoll sergeant is moderately wounded.
The gnoll sergeant completely misses you.
The gnoll sergeant blocks your attack.
The gnoll sergeant is heavily wounded.
The gnoll sergeant misses you.
You barely miss the gnoll sergeant.
The gnoll sergeant is heavily wounded.
The gnoll sergeant hits you with a trident!
You die...

#########
#.......#
#.#####)# #.#
#.#
###########.#
#)#
.........##.#
#.#####.#
########g##.#
#.._l...#
#>..s...#
#######..
#.##.#### #
#.# #.# #.#
#.# #.# #..


You could see a gnoll sergeant.

Vanquished Creatures
  An orc warrior (D:5)
  2 phantoms (D:4)
  A bullfrog skeleton (D:3)
  An orc priest (D:5)
  A hound (D:4)
  Terence (D:3)
  A worker ant (D:4)
  Robin (D:3)
  6 adders
  3 gnolls (D:5)
  A shadow imp (D:4)
  A worm (D:2)
  4 dart slugs
  5 leopard geckos
  13 orcs
  2 ball pythons
  10 bats
  2 giant cockroaches
  8 goblins
  8 hobgoblins
  6 jackals
  3 frilled lizards
  10 kobolds
  6 rats
97 creatures vanquished.

Vanquished Creatures (collateral kills)
  An adder (D:2)
  A hobgoblin (D:2)
2 creatures vanquished.

Vanquished Creatures (others)
  A plant (D:3)
1 creature vanquished.

Grand Total: 100 creatures vanquished

Notes
Turn   | Place    | Note
-------+----------+-------------------------------------------
     0 | D:1      | sking99 the Octopode Transmuter began the quest for the Orb.
     0 | D:1      | Reached XP level 1. HP: 13/13 MP: 3/3
   173 | D:1      | Reached XP level 2. HP: 4/18 MP: 1/5
   456 | D:1      | Learned a level 2 spell: Sticks to Snakes
   844 | D:1      | Reached XP level 3. HP: 24/24 MP: 4/6
  1130 | D:1      | Learned a level 3 spell: Spider Form
  1145 | D:2      | Reached skill level 4 in Unarmed Combat
  1742 | D:2      | Reached XP level 4. HP: 26/29 MP: 1/7
  2013 | D:2      | Reached skill level 1 in Poison Magic
  3013 | D:3      | Noticed Terence
  3022 | D:3      | Killed Terence
  3022 | D:3      | Reached XP level 5. HP: 26/34 MP: 0/8
  3909 | D:3      | Noticed Robin
  3923 | D:3      | Killed Robin
  4302 | D:3      | You fall through a shaft!
  4390 | D:4      | Noticed a phantom
  4522 | D:4      | Killed a phantom
  4522 | D:4      | Reached skill level 5 in Unarmed Combat
  4522 | D:4      | Reached XP level 6. HP: 28/39 MP: 4/10
  4924 | D:4      | Noticed a phantom
  4953 | D:4      | Killed a phantom
  4953 | D:4      | Reached XP level 7. HP: 16/44 MP: 11/11
  5765 | D:5      | Entered Level 5 of the Dungeon
  5784 | D:5      | Found an iron altar of Okawaru.
  5799 | D:5      | Reached skill level 6 in Unarmed Combat
  5992 | D:5      | HP: 2/44 [gnoll sergeant/trident (14)]
  5995 | D:5      | Mangled by a gnoll sergeant

Vault maps used:
D:1:      minmay_arrival_split_and_join, glass_columns_c
D:3:      first_ration, saegor_snake_ambush, uniq_terence, uniq_robin
D:4:      hex_large
D:5:      kennysheep_mini_moat, overflow_temple_1_default, temple_pool_b,
          uniq_pikel

Skill      XL: |  1  2  3  4  5  6  7 |
---------------+----------------------+-----
Unarmed Combat | 4 5 6 |  6.3
Poison Magic   | 1 2 |  2.0
Spellcasting   | 3 |  3.0
Transmutations | 3 |  3.9
Fighting       | |  1.9
Dodging        | |  2.8

Action                   |  1- 3 |  4- 6 |  7- 9 || total
-------------------------+-------+-------+-------++-------
Melee: Unarmed           |    75 |   176 |    29 ||   280
       Constrict         |    15 |     3 |     1 ||    19
       Tentacles         |    11 |     3 |       ||    14
       Kick              |     8 |       |       ||     8
       Punch             |     2 |       |       ||     2
 Cast: Beastly Appendage |    14 |     1 |       ||    15
       Spider Form       |     3 |    31 |     3 ||    37
       Sticks to Snakes  |     1 |     1 |       ||     2
  Use: Scroll            |       |     5 |       ||     5
 Stab: Sleeping          |     4 |     3 |       ||     7
  Eat: Chunk             |     3 |    15 |       ||    18
       Ration            |       |       |     1 ||     1
Armor: Skin              |    18 |    11 |       ||    29
Dodge: Dodged            |    79 |   136 |    15 ||   230

Table legend:
 A = Spawn XP
 B = Non-spawn XP
 C = Spawn XP percentage of total XP
 D = Spawn monster count
 E = Non-spawn monster count
 F = Spawn count percentage of total count
 G = Total turns spent on level
                    A         B        C        D         E        F      G
               +---------+---------+-------+---------+---------+-------+---------
         Total |       0 |     890 |   0.0 |       0 |      99 |   0.0 |  5995
               +---------+---------+-------+---------+---------+-------+---------
           D:1 |       0 |      47 |   0.0 |       0 |      23 |   0.0 |  1510
           D:2 |       0 |     111 |   0.0 |       0 |      29 |   0.0 |  1480
           D:3 |       0 |     152 |   0.0 |       0 |      28 |   0.0 |  1376
           D:4 |       0 |     361 |   0.0 |       0 |      12 |   0.0 |  1549
           D:5 |       0 |     219 |   0.0 |       0 |       7 |   0.0 |    80
               +---------+---------+-------+---------+---------+-------+---------
